 Dungeon Crawl Stone Soup version 0.19.1-1-g22dce08 (webtiles) character file.

74 McKennaii the Gusty (level 4, -1/27 HPs)
             Began as a High Elf Air Elementalist on Jan 12, 2017.
             Slain by a hobgoblin
             ... wielding a +0 club
              (4 damage)
             ... on level 2 of the Dungeon.
             The game lasted 00:03:08 (1320 turns).

McKennaii the Gusty (High Elf Air Elementalist)     Turns: 1320, Time: 00:03:09

Health: -1/27      AC:  5    Str:  7    XL:     4   Next: 10%
Magic:  0/9        EV: 13    Int: 22    God:
Gold:   112        SH:  0    Dex: 16    Spells: 3 memorised, 4 levels left

rFire  . . .     SeeInvis .     (no weapon)
rCold  . . .     Gourm    .     a - +0 robe
rNeg   . . .     Faith    .     (no shield)
rPois  .         Spirit   .     l - +1 helmet {Int+3}
rElec  .         Reflect  .     (no cloak)
rCorr  .         Harm     .     (no gloves)
MR     .....                    e - +0 pair of boots
Stlth  ++........               (no amulet)
                                (no ring)
                                (no ring)

@: no status effects
A: no striking features
a: no special abilities


You were on level 2 of the Dungeon.
You were very hungry.

You visited 1 branch of the dungeon, and saw 2 of its levels.

You collected 112 gold pieces.

Inventory:

Armour
 a - a +0 robe (worn)
 e - a +0 pair of boots (worn)
 l - a +1 helmet of intelligence (worn)
Scrolls
 g - a scroll of fog {unknown}
 j - 2 scrolls of identify {unknown}
 k - a scroll of amnesia {unknown}
Potions
 d - a potion of invisibility {unknown}
 f - a potion of resistance {unknown}
 i - a potion of curing {unknown}
Books
 b - a book of Air

   Spells                             Type                      Level
   a - Shock                          Conjuration/Air              1
   b - Swiftness                      Charms/Air                   2
   c - Repel Missiles                 Charms/Air                   2
   d - Static Discharge               Conjuration/Air              3
   e - Lightning Bolt                 Conjuration/Air              5
Comestibles
 c - a bread ration
 h - 3 meat rations


   Skills:
 + Level 2.4 Dodging
 + Level 2.5 Stealth
 + Level 3.3 Spellcasting
 + Level 1.7 Conjurations
 + Level 4.8 Air Magic


You had 4 spell levels left.
You knew the following spells:

 Your Spells              Type           Power        Failure   Level  Hunger
a - Shock                 Conj/Air       ###.         3%          1    None
b - Swiftness             Chrm/Air       ##......     10%         2    ##.....
c - Repel Missiles        Chrm/Air       ##....       10%         2    ##.....


Dungeon Overview and Level Annotations

Branches:
Dungeon (2/15)

Altars:


Message History

The worm is almost dead.
The zap hits the worm.
You kill the worm!
You start resting.
Casting: Shock
Confirm with . or Enter, or press ? or * to list all spells.
Aiming: Shock
Press: ? - help, Shift-Dir - straight line, f - hobgoblin
Aim: a hobgoblin, wielding a club The zap hits the hobgoblin.
The hobgoblin is severely wounded.
You are too injured to fight recklessly!
You are too injured to fight recklessly!
You hit the hobgoblin but do no damage.
The hobgoblin is severely wounded.
The hobgoblin hits you but does no damage.
You closely miss the hobgoblin.
The hobgoblin is severely wounded.
The hobgoblin hits you with a club.
You die...

#.....###.######.#
#.....<..........#.#
#.....###........#.###
......>.####...####.....#
........#........(......#
#........................#
#........#..>............#
#.....#.#####............#
...###. #.@........!#
#g#........## #.#####....#
#.# ##.#.# #.######.#.#
#......#..#.#
######.#.###.# #.†## #.. .
#.#.# ##.


You could see a hobgoblin.

Vanquished Creatures
  3 adders
  An ooze (D:1)
  A worm (D:2)
  4 dart slugs
  A leopard gecko (D:1)
  7 bats
  A giant cockroach (D:1)
  3 goblins
  A hobgoblin (D:1)
  7 kobolds
  A quokka (D:2)
  A frilled lizard (D:1)
  2 rats (D:1)
33 creatures vanquished.

Notes
Turn   | Place    | Note
-------+----------+-------------------------------------------
     0 | D:1      | McKennaii the High Elf Air Elementalist began the quest for the Orb.
     0 | D:1      | Reached XP level 1. HP: 11/11 MP: 4/4
   166 | D:1      | Reached skill level 4 in Air Magic
   168 | D:1      | Reached XP level 2. HP: 13/17 MP: 0/6
   648 | D:1      | Reached XP level 3. HP: 21/21 MP: 5/8
   910 | D:1      | Learned a level 2 spell: Swiftness
   913 | D:1      | Learned a level 2 spell: Repel Missiles
  1227 | D:2      | Reached XP level 4. HP: 27/27 MP: 2/9
  1320 | D:2      | Slain by a hobgoblin

Skill      XL: |  1  2 |
---------------+-------+-----
Air Magic      | 4 |  4.8
Spellcasting   | 3 |  3.3
Dodging        | |  2.4
Stealth        | |  2.5
Conjurations   | |  1.7

Action                   |  1- 3 |  4- 6 || total
-------------------------+-------+-------++-------
Melee: Unarmed           |    10 |     9 ||    19
 Cast: Shock             |    67 |    12 ||    79
Armor: Robe              |    13 |       ||    13
Dodge: Dodged            |    29 |     5 ||    34
